 Dungeon Crawl Stone Soup version 0.20-a0-251-g16a58bf (webtiles) character file.

1242 Duffy the Cleaver (level 8, 0/61 HPs)
             Began as a Hill Orc Fighter on Nov 30, 2016.
             Was an Initiate of Cheibriados.
             Slain by an ogre
             ... wielding a +0 giant club
              (8 damage)
             ... on level 6 of the Dungeon.
             The game lasted 00:07:45 (6929 turns).

Duffy the Cleaver (Hill Orc Fighter)                Turns: 6929, Time: 00:07:46

Health: 0/61       AC: 12    Str: 19      XL:     8   Next: 49%
Magic:  8/8        EV:  2    Int: 10      God:    Cheibriados [......]
Gold:   31         SH: 17    Dex:  7 (9)  Spells: 7/7 levels left

rFire  . . .     SeeInvis .     a - +0 war axe
rCold  . . .     Gourm    .     m - +0 plate armour (curse)
rNeg   . . .     Faith    .     e - +2 large shield {reflect}
rPois  .         Spirit   .     (no helmet)
rElec  .         Reflect  +     (no cloak)
rCorr  .         Harm     .     (no gloves)
MR     .....                    (no boots)
Stlth  ..........               (no amulet)
                                (no ring)
                                (no ring)

@: very slow
A: clumsy 1, frail 1, weak 1, evolution 1, MP-powered wands
a: Bend Time, Renounce Religion


You were on level 6 of the Dungeon.
You worshipped Cheibriados.
Cheibriados was noncommittal.
You were hungry.

You visited 2 branches of the dungeon, and saw 7 of its levels.

You collected 230 gold pieces.
You spent 199 gold pieces at shops.

Inventory:

Hand Weapons
 a - a +0 war axe (weapon)
Armour
 e - a +2 large shield of reflection (worn)
 m - a cursed +0 plate armour (worn)
Scrolls
 g - 2 scrolls of enchant armour
 i - a scroll of teleportation
 j - a scroll of magic mapping
 k - a scroll of remove curse
 n - a scroll of identify
Potions
 c - a potion of curing
 d - a potion of might
Books
 o - a book of Necromancy

   Spells                             Type                      Level
   a - Pain                           Necromancy                   1
   b - Animate Skeleton               Necromancy                   1
   c - Vampiric Draining              Necromancy                   3
   d - Regeneration                   Charms/Necromancy            3
   e - Animate Dead                   Necromancy                   4
   f - Control Undead                 Necromancy                   4
Comestibles
 b - a royal jelly
 f - 2 bread rations
 h - a meat ration
 l - 5 fruits


   Skills:
 + Level 5.0 Fighting
 + Level 8.1 Axes
 - Level 6.4 Armour
 + Level 6.9 Shields


You had 7 spell levels left.
You didn't know any spells.

Dungeon Overview and Level Annotations

Branches:
Dungeon (6/15)             Temple (1/1) D:6

Altars:
Ashenzari
Cheibriados
Elyvilon
Fedhas
Makhleb
Okawaru
Ru
Sif Muna
Vehumet
Xom
Yredelemnul
The Shining One

Shops:
D:4 (   D:5 *!=

Annotations:
D:4 herpmino's ghost, novice FoEn


Innate Abilities, Weirdness & Mutations

You are clumsy. (Dex -2)
You are frail. (-10% HP)
You are weak. (Str -2)
You evolve.
You expend magic power (3 MP) to strengthen your wands.


Message History

a spear; 4 chunks of flesh; a gnoll skeleton An ogre is nearby!
You hit the ogre.
The ogre is moderately wounded.
The ogre hits you but does no damage.
Your plate armour prevents you from hitting the ogre.
The ogre is moderately wounded.
The ogre hits you with a giant club!
Your shield and plate armour prevent you from hitting the ogre.
The ogre is moderately wounded.
The ogre hits you with a giant club!!
You are too injured to fight recklessly!
You are too injured to fight recklessly!
You hit the ogre.
The ogre is moderately wounded.
The ogre hits you with a giant club!
You hit the ogre.
The ogre is moderately wounded.
The ogre hits you with a giant club!
You die...

#..) ##... . #.... ..
##...# ... #....#
O... #....#####.....
#######.......$......
#.....#.....)).......
#......@O.)........
###.....##########.
##..### #... #..#
#...# ##.## #...#
#..# #...# # #..#
#..### #..# #.....
#..# #.....


You could see an ogre.

Vanquished Creatures
  Sigmund (D:6)
  Eustachio (D:6)
  A sky beast (D:5)
  An ice beast (D:6)
  2 ogres (D:6)
  A bullfrog (D:6)
  A scorpion (D:5)
  A bullfrog zombie (D:6)
  A centaur zombie (D:5)
  A quasit (D:5)
  4 crimson imps
  A hound (D:5)
  3 gnolls (D:6)
  10 adders
  A shadow imp (D:6)
  An ooze (D:2)
  An adder skeleton (D:6)
  3 worms
  2 dart slugs
  2 leopard geckos
  4 orcs
  5 giant cockroaches
  9 goblins
  8 hobgoblins
  4 jackals (D:3)
  5 kobolds
  4 quokkas
  3 ball pythons
  10 bats
  4 frilled lizards
  7 rats
102 creatures vanquished.

Notes
Turn   | Place    | Note
-------+----------+-------------------------------------------
     0 | D:1      | Duffy the Hill Orc Fighter began the quest for the Orb.
     0 | D:1      | Reached XP level 1. HP: 19/19 MP: 1/1
   275 | D:1      | Reached skill level 3 in Axes
   451 | D:1      | Reached XP level 2. HP: 26/26 MP: 2/2
  1330 | D:2      | Reached XP level 3. HP: 31/31 MP: 3/3
  1749 | D:2      | Reached skill level 4 in Axes
  1964 | D:2      | Reached XP level 4. HP: 36/39 MP: 4/4
  1994 | D:2      | Reached skill level 4 in Shields
  2001 | D:2      | Reached skill level 4 in Armour
  2294 | D:2      | Found a blossoming altar of Fedhas.
  2785 | D:3      | Reached XP level 5. HP: 37/45 MP: 5/5
  3008 | D:3      | Found a sacrificial altar of Ru.
  3433 | D:3      | Reached skill level 5 in Axes
  3693 | D:4      | Found Vafaegan's Weapon Shoppe.
  3700 | D:4      | Noticed herpmino's ghost (novice FoEn)
  3718 | D:5      | Entered Level 5 of the Dungeon
  3720 | D:5      | Found Jaromum's Assorted Antiques.
  3889 | D:5      | Reached XP level 6. HP: 47/51 MP: 6/6
  3939 | D:5      | Found a shattered altar of Ashenzari.
  4015 | D:5      | Found Ywnolek's Distillery.
  4065 | D:5      | Reached skill level 5 in Armour
  4099 | D:5      | Found Ufevasao's Jewellery Shop.
  4460 | D:6      | Noticed Sigmund
  4460 | D:6      | Noticed a sky beast
  4502 | D:5      | Killed a sky beast
  4502 | D:5      | Reached skill level 6 in Axes
  4502 | D:5      | Reached skill level 5 in Shields
  4507 | D:5      | Gained mutation: You expend magic power (3 MP) to strengthen your wands. [mutagenic meat]
  4508 | D:5      | Gained mutation: You evolve. [mutagenic meat]
  4509 | D:5      | Gained mutation: You are clumsy. (Dex -2) [mutagenic meat]
  4510 | D:5      | Gained mutation: You are frail. (-10% HP) [mutagenic meat]
  4548 | D:6      | HP: 3/67 [something (2)]
  4550 | D:6      | HP: 1/67 [something (3)]
  4554 | D:6      | Killed Sigmund
  4554 | D:6      | Reached XP level 7. HP: 2/51 MP: 7/7
  4640 | D:6      | Gained mutation: You are weak. (Str -2) [evolution]
  5206 | D:6      | Reached skill level 7 in Axes
  5206 | D:6      | Reached skill level 6 in Armour
  5325 | D:6      | Reached skill level 6 in Shields
  5557 | D:6      | Found a staircase to the Ecumenical Temple.
  5585 | Temple   | Entered the Ecumenical Temple
  5656 | Temple   | Became a worshipper of Cheibriados the Contemplative
  5724 | D:5      | Bought a runed large shield for 199 gold pieces
  5983 | D:6      | Reached XP level 8. HP: 57/57 MP: 8/8
  5985 | D:6      | Noticed Eustachio
  6048 | D:6      | Killed Eustachio
  6048 | D:6      | Reached skill level 4 in Fighting
  6469 | D:6      | Reached skill level 8 in Axes
  6915 | D:6      | Reached skill level 5 in Fighting
  6929 | D:6      | Slain by an ogre

Vault maps used:
D:1:      dpeg_arrival_circle_labyrinth_b, hangedman_abyss_or_decor_stabs
D:2:      fedhas_altar_1
D:3:      grunt_ministairs_4, minmay_misc_feat_columns,
          nicolae_ru_sacrificial_ziggurat
D:4:      serial_shops, nicolae_shop_statue_plus, serial_bayou_lagoon_a,
          uniq_grinder
D:5:      evilmike_ruin_ashenzari, serial_shops, shop, nicolae_shop_waterfront,
          kennysheep_little_box, first_bread
D:6:      uniq_eustachio, uniq_sigmund, uniq_crazy_yiuf_cottage
Temple:   cyrus_temple_forest

Skill      XL: |  1  2  3  4  5  6  7  8 |
---------------+-------------------------+-----
Axes           | 3 4 5 6 7 8 |  8.1
Shields        | 4 5 6 |  6.9
Armour         | 4 5 6 |  6.4
Fighting       | 5 |  5.0

Action                   |  1- 3 |  4- 6 |  7- 9 || total
-------------------------+-------+-------+-------++-------
Melee: War axe           |   133 |   311 |   224 ||   668
  Use: Scroll            |     3 |     4 |     3 ||    10
       Potion            |       |     1 |     1 ||     2
  Eat: Chunk             |     4 |    12 |     4 ||    20
       Bread ration      |       |       |     1 ||     1
Armor: Scale mail        |    15 |       |       ||    15
       Chain mail        |    11 |       |       ||    11
       Plate armour      |    90 |   195 |   226 ||   511
       Skin              |       |     4 |       ||     4
Dodge: Dodged            |    25 |    63 |    38 ||   126
Block: Shield            |    84 |   171 |    77 ||   332
       Large shield      |       |       |   170 ||   170
